Map: 环轨星港

Players

Multipass

  • Race: Zerg Zerg
  • League: Diamond

Inkrusion - Winner!

  • Race: Protoss Protoss
  • League: Diamond

VOD

Have the link to the VOD?

Description

Time

  • Played on: Jan. 29, 2016, 1:55 p.m.
  • Length: 15:04
Show
View Real Time Build Order
Export as new Build Order

Multipass Zerg 

Build Orders: 3 Hatch before Pool, Lurkers 

Get SALT Encoding   

  12  0:03  Drone  
  13  0:12  Overlord  
  13  0:18  Drone  
  14  0:31  Drone x2  
  16  0:35  Drone  
  17  0:55  Hatchery  
  16  0:58  Drone  
  16  1:03  Drone  
  18  1:06  Extractor  
  17  1:12  Drone  
  18  1:22  Drone  
  19  1:31  Hatchery  
  19  1:45  Drone  
  19  1:46  Spawning Pool  
  20  1:54  Drone x2, Extractor  
  20  2:22  Drone x4  
  24  2:27  Overlord  
  24  2:33  Queen x2  
  28  2:42  Overlord  
  28  2:45  Zergling x2  
  29  2:55  Drone  
  29  2:56  Drone x4  
  29  2:58  Drone  
  35  3:05  Metabolic Boost  
  35  3:10  Zergling x6  
  38  3:16  Zergling x2  
  39  3:23  Zergling x4  
  41  3:28  Zergling x4  
  41  3:31  Queen  
  45  3:44  Drone x3  
  45  3:45  Drone  
  45  3:48  Drone  
  50  3:49  Overlord  
  50  3:50  Overlord  
  47  4:04  Overlord  
  47  4:12  Hatchery, Extractor  
  45  4:17  Drone x2, Extractor  
  45  4:18  Drone x3  
  45  4:19  Drone  
  45  4:20  Drone x3  
  45  4:23  Drone x4  
  51  4:40  Drone x4  
  55  4:46  Queen  
  55  4:48  Drone  
  55  4:49  Drone x7  
  65  4:57  Zergling x8  
  69  5:00  Lair  
  69  5:09  Roach Warren  
  68  5:16  Drone x2, Extractor  
  68  5:18  Drone x3  
  72  5:25  Extractor x2  
  70  5:31  Spine Crawler  
  70  5:34  Drone, Spine Crawler  
  69  5:36  Drone  
  69  5:37  Drone x3, Spine Crawler  
  72  5:48  Zergling x2  
  72  5:49  Zergling x6  
  68  6:01  Drone x6  
  68  6:02  Drone x4  
  75  6:07  Roach x2  
  75  6:08  Roach  
  75  6:12  Roach x2  
  75  6:13  Overlord x2  
  78  6:24  Roach  
  72  6:41  Drone x6  
  72  6:42  Drone x2  
  72  6:43  Drone x3  
  83  6:49  Drone  
  84  6:57  Glial Reconstitution  
  84  7:04  Hydralisk Den  
  83  7:11  Drone x2  
  83  7:12  Drone  
  78  7:25  Drone x4  
  78  7:26  Drone x6  
  88  7:34  Lurker Den  
  88  7:42  Hatchery, Hydralisk x4  
  95  7:44  Overlord x5  
  95  7:51  Spore Crawler  
  95  7:53  Spore Crawler  
  95  7:56  Spore Crawler  
  92  8:08  Hydralisk x3  
  98  8:15  Overseer  
  98  8:16  Spire  
  98  8:17  Overlord x3  
  97  8:20  Overseer  
  97  8:24  Hydralisk  
  97  8:25  Hydralisk x3  
  105  8:54  Roach x4  
  105  8:55  Roach x10  
  133  9:00  Lurker x3  
  133  9:01  Lurker x7  
  143  9:04  Roach  
  143  9:05  Roach x3  
  151  9:12  Overseer  
  151  9:13  Overlord x4  
  151  9:36  Roach  
  151  9:37  Roach x8  
  151  9:38  Roach x6  
  146  9:56  Roach  
  146  9:57  Roach x7  
  146  9:58  Roach x5  
  168  10:10  Roach x4  
  168  10:11  Roach x3  
  177  10:39  Roach  
  177  10:40  Roach x6  
  177  10:41  Overlord x2, Roach  
  173  10:46  Lurker  
  124  11:14  Hydralisk  
  124  11:15  Hydralisk x6  
  97  11:28  Hatchery  
  94  11:43  Lurker  
  94  11:44  Lurker x4  
  94  11:45  Lurker  
  94  11:46  Lurker  
  103  11:47  Roach x5  
  103  11:48  Roach x13  
  137  12:01  Overseer  
  137  12:02  Overseer  
  137  12:19  Roach x2  
  137  12:20  Roach x11  
  163  12:39  Corruptor  
  163  12:40  Corruptor x3  
  171  12:48  Drone x3  
  171  12:49  Drone x3  
  177  13:03  Corruptor x2  
  177  13:23  Queen x3  
  177  13:24  Queen  
  181  13:31  Roach x3  
  181  13:32  Roach x5  
  141  14:16  Roach x2  
  141  14:17  Roach x11  
  147  14:18  Hydralisk, Roach  
  147  14:19  Hydralisk x4  
  171  14:41  Roach x2  
  171  14:42  Roach x5  
  171  14:45  Hatchery  
Show
View Real Time Build Order
Export as new Build Order

Inkrusion Protoss - Winner!

Build Orders:  

Get SALT Encoding   

  12  0:01  Probe (Chrono Boost)  
  13  0:11  Probe (Chrono Boost)  
  14  0:17  Pylon  
  14  0:22  Probe (Chrono Boost)  
  15  0:36  Probe (Chrono Boost)  
  16  0:46  Probe (Chrono Boost)  
  17  1:02  Probe (Chrono Boost)  
  18  1:08  Gateway  
  17  1:18  Nexus  
  17  1:23  Probe (Chrono Boost)  
  17  1:24  Assimilator  
  18  1:30  Assimilator  
  18  1:33  Probe (Chrono Boost)  
  19  1:44  Probe (Chrono Boost)  
  20  1:54  Probe (Chrono Boost)  
  21  2:02  Cybernetics Core  
  21  2:03  Gateway  
  21  2:08  Probe (Chrono Boost)  
  22  2:19  Probe (Chrono Boost)  
  24  2:30  Probe (Chrono Boost)  
  24  2:31  Probe (Chrono Boost)  
  25  2:39  Adept (Chrono Boost), Warp Gate  
  25  2:40  Probe  
  28  2:47  Twilight Council  
  28  2:50  Adept (Chrono Boost)  
  30  2:56  Mothership Core (Chrono Boost)  
  32  3:03  Pylon  
  32  3:07  Probe (Chrono Boost)  
  33  3:15  Probe (Chrono Boost), Adept  
  33  3:17  Adept  
  38  3:23  Probe (Chrono Boost)  
  38  3:24  Resonating Glaives (Chrono Boost)  
  39  3:32  Probe  
  40  3:38  Robotics Facility  
  40  3:47  Probe, Pylon  
  40  3:48  Probe  
  42  4:01  Probe  
  43  4:07  Nexus  
  43  4:11  Pylon  
  43  4:13  Probe  
  43  4:14  Probe  
  45  4:21  Pylon  
  45  4:28  Probe  
  45  4:30  Gateway  
  42  4:42  Gateway  
  42  4:43  Gateway  
  42  4:45  Warp Prism (Chrono Boost)  
  42  4:52  Gateway  
  44  4:54  Probe x2  
  46  5:01  Adept  
  46  5:02  Adept  
  50  5:10  Probe  
  50  5:11  Probe  
  52  5:20  Probe  
  52  5:21  Probe, Observer (Chrono Boost), Charge  
  53  5:26  Probe  
  56  5:29  Stargate  
  56  5:31  Probe  
  57  5:35  Probe  
  57  5:38  Probe  
  59  5:59  Adept x3  
  59  6:00  Probe  
  59  6:01  Probe x2  
  59  6:03  Immortal (Chrono Boost)  
  70  6:07  Adept x2  
  70  6:08  Adept  
  72  6:13  Probe  
  72  6:14  Probe  
  72  6:15  Probe  
  72  6:18  Oracle (Chrono Boost)  
  73  6:22  Assimilator  
  73  6:24  Probe  
  72  6:26  Assimilator  
  69  6:35  Probe  
  69  6:36  Probe  
  69  6:37  Probe  
  72  6:40  Immortal (Chrono Boost)  
  72  6:45  Probe  
  72  6:46  Probe  
  71  6:49  Gateway  
  71  6:50  Probe, Forge  
  73  6:58  Probe  
  73  7:01  Zealot x5  
  84  7:09  Pylon  
  84  7:10  Pylon  
  84  7:12  Pylon  
  84  7:15  Pylon  
  84  7:21  Probe  
  85  7:22  Probe  
  85  7:23  Probe, Immortal (Chrono Boost)  
  85  7:28  Protoss Ground Weapons Level 1 (Chrono Boost)  
  88  7:34  Stalker x2, Robotics Facility  
  92  7:37  Pylon  
  92  7:42  Probe  
  92  7:43  Gateway  
  92  7:44  Gateway  
  93  7:45  Probe  
  93  7:48  Pylon  
  94  7:55  Gateway  
  94  7:57  Zealot  
  94  7:58  Zealot x4  
  100  7:59  Zealot x2  
  108  8:11  Templar Archives  
  112  8:14  Warp Prism  
  112  8:15  Probe  
  112  8:16  Pylon  
  112  8:19  Pylon  
  111  8:24  Zealot x4  
  111  8:25  Zealot x3  
  125  8:29  Immortal  
  125  8:32  Assimilator  
  129  8:37  Probe  
  129  8:38  Assimilator  
  130  9:12  High Templar x6  
  130  9:13  Zealot x3  
  148  9:17  Archon x2  
  148  9:18  Archon  
  148  9:26  Probe  
  149  9:38  Gateway, Immortal  
  149  9:40  Gateway  
  149  9:41  Probe  
  149  9:43  Nexus  
  149  9:44  Immortal  
  136  9:46  Zealot x3  
  136  9:47  Zealot  
  110  10:02  Zealot  
  110  10:07  Zealot x6  
  116  10:08  Zealot x3  
  130  10:15  Probe, Protoss Ground Weapons Level 2 (Chrono Boost)  
  131  10:25  High Templar  
  133  10:30  High Templar x3  
  133  10:33  Archon  
  131  10:36  Archon  
  130  10:55  Zealot x3  
  126  11:10  Zealot x3  
  112  11:16  Probe  
  112  11:17  Probe  
  106  11:23  Gateway  
  106  11:25  Gateway  
  106  11:27  Gateway, High Templar  
  106  11:28  Immortal  
  106  11:31  Gateway  
  108  11:35  Probe  
  108  11:37  Probe x2  
  115  11:55  Gateway  
  115  11:57  Probe, Pylon, Gateway  
  115  11:59  Gateway, Pylon  
  116  12:04  Pylon  
  116  12:05  Pylon, High Templar x2  
  116  12:06  High Templar  
  116  12:07  Pylon  
  122  12:09  Archon  
  122  12:10  Archon  
  122  12:12  Zealot  
  126  12:22  Immortal (Chrono Boost)  
  126  12:23  Immortal (Chrono Boost)  
  126  12:25  Protoss Ground Weapons Level 3  
  126  12:28  Zealot x3  
  136  12:34  Probe x2  
  136  12:35  Gateway, Probe x2  
  136  12:36  Gateway  
  140  12:38  Gateway  
  140  12:43  Pylon  
  140  12:45  Pylon  
  140  12:47  Pylon  
  140  12:51  Zealot  
  140  12:52  Zealot x2  
  140  12:53  Zealot x3  
  152  13:02  Photon Cannon  
  152  13:04  Photon Cannon  
  152  13:05  Zealot  
  152  13:06  Zealot x3, Assimilator  
  152  13:09  High Templar  
  162  13:14  High Templar x3  
  162  13:15  High Templar x3  
  162  13:18  Archon  
  162  13:19  Archon x2  
  174  13:26  Zealot x2  
  176  13:27  Assimilator  
  176  13:28  High Templar x2  
  176  13:31  Photon Cannon  
  176  13:32  Warp Prism (Chrono Boost)  
  176  13:33  Immortal (Chrono Boost)  
  182  13:34  Archon  
  182  13:39  Zealot x2  
  182  13:51  Zealot  
  182  13:52  Zealot x2  
  159  14:07  Oracle  
  146  14:19  Observer (Chrono Boost)  
  146  14:21  High Templar x6  
  146  14:22  Zealot, High Templar  
  146  14:23  Zealot x4  
  171  14:25  Archon x2  
  171  14:26  Archon  
  171  14:27  High Templar  
  173  14:31  Archon  
  173  14:50  Nexus  
  173  14:52  Pylon  
  169  14:54  Pylon  
  169  14:55  Pylon  
  158  15:01  Zealot x6  
  158  15:02  Zealot x3  
Tags
 
Add a new tag
Caveats
  • Supply blocks, unpowered buildings, or Contaminate may cause inaccurate times.
  • Supply counts are checked every 10 seconds.